Map: Dusk Towers

Players

Lambo - Winner!

  • Race: Zerg Zerg
  • League: Master

Miszu

  • Race: Terran Terran
  • League: Master

VOD

Have the link to the VOD?

Description

Time

  • Played on: Feb. 4, 2016, 1:01 p.m.
  • Length: 18:20
Show
View Real Time Build Order
Export as new Build Order

Lambo Zerg - Winner!

Build Orders: Hatch First 

Get SALT Encoding   

  12  0:01  Drone  
  13  0:13  Overlord  
  13  0:18  Drone  
  14  0:31  Drone x2  
  16  0:35  Drone  
  17  0:53  Hatchery  
  17  0:55  Drone  
  17  0:57  Drone  
  18  1:09  Extractor  
  17  1:13  Spawning Pool  
  17  1:15  Drone  
  17  1:18  Drone  
  18  1:29  Drone  
  19  1:40  Overlord  
  19  1:52  Drone  
  20  1:59  Queen  
  22  2:02  Zergling x2  
  22  2:05  Queen, Drone  
  26  2:09  Metabolic Boost  
  26  2:12  Zergling x2  
  27  2:16  Drone  
  28  2:23  Drone  
  29  2:32  Hatchery  
  29  2:34  Drone  
  29  2:41  Drone  
  29  2:42  Drone  
  31  2:45  Queen  
  33  2:52  Queen  
  35  2:59  Drone  
  35  3:00  Overlord  
  36  3:18  Overlord  
  38  3:20  Drone x6  
  38  3:22  Zergling x4  
  44  3:36  Queen  
  44  3:38  Overlord  
  44  3:40  Drone x2  
  48  3:47  Drone x3  
  48  3:48  Queen  
  53  4:00  Zergling x2  
  53  4:01  Zergling x2  
  53  4:02  Drone x3  
  58  4:04  Extractor  
  58  4:06  Drone  
  58  4:11  Overlord, Drone  
  58  4:13  Drone x3  
  62  4:18  Evolution Chamber  
  62  4:19  Roach Warren  
  60  4:27  Drone x5  
  65  4:34  Overlord  
  65  4:36  Drone x3  
  65  4:38  Lair  
  68  4:46  Drone x5  
  73  4:55  Overlord  
  73  4:56  Overlord, Extractor  
  73  4:57  Drone x2  
  74  5:00  Extractor  
  74  5:04  Drone  
  74  5:06  Extractor  
  73  5:07  Extractor  
  72  5:15  Drone x8  
  72  5:17  Zerg Missile Weapons Level 1  
  72  5:20  Evolution Chamber  
  77  5:25  Queen  
  77  5:26  Drone x3  
  77  5:27  Drone  
  83  5:32  Roach x3  
  89  5:42  Hatchery  
  90  5:43  Overlord, Roach  
  90  5:44  Overlord  
  90  5:45  Pneumatized Carapace  
  90  5:48  Overlord  
  86  6:03  Zerg Ground Armor Level 1  
  86  6:05  Roach x9  
  86  6:07  Overlord  
  104  6:12  Hatchery  
  104  6:13  Drone x3  
  106  6:20  Drone  
  106  6:21  Drone x4  
  106  6:22  Infestation Pit  
  110  6:30  Overlord  
  110  6:31  Overlord  
  110  6:33  Roach  
  110  6:34  Roach x4  
  110  6:39  Overlord  
  120  6:46  Overlord  
  120  6:47  Overlord  
  120  6:48  Glial Reconstitution  
  120  6:56  Zergling x16  
  128  7:01  Pathogen Glands  
  128  7:02  Hive  
  128  7:05  Roach x2  
  131  7:12  Roach x5  
  131  7:13  Roach  
  130  7:18  Roach  
  130  7:19  Roach x3  
  123  7:26  Roach  
  123  7:27  Roach x3  
  124  7:31  Queen  
  124  7:34  Zerg Melee Weapons Level 1  
  124  7:36  Ravager x3  
  124  7:37  Ravager  
  130  7:41  Zergling x18  
  139  7:47  Infestor  
  139  7:48  Infestor  
  139  7:50  Zergling x8  
  147  8:07  Extractor  
  147  8:08  Extractor, Zergling x24  
  147  8:12  Drone, Spore Crawler  
  157  8:13  Drone x2  
  157  8:15  Spore Crawler x2  
  157  8:20  Ultralisk Cavern  
  156  8:28  Zergling x20  
  162  8:38  Zergling x12  
  166  8:44  Overlord x2  
  166  8:45  Overlord  
  164  8:56  Overlord, Zerg Ground Armor Level 2  
  164  8:58  Adrenal Glands  
  164  9:00  Ravager x6  
  165  9:05  Zergling x2  
  165  9:06  Zergling x10  
  165  9:07  Ravager  
  165  9:08  Ravager  
  170  9:20  Zergling x2  
  170  9:21  Zergling x14  
  176  9:30  Zerg Melee Weapons Level 2  
  171  9:38  Zergling x16  
  151  9:42  Roach  
  151  9:43  Roach  
  140  9:48  Chitinous Plating  
  140  9:50  Drone  
  140  9:51  Drone x3  
  142  9:56  Infestor x2  
  145  10:06  Zergling x14  
  141  10:10  Infestor  
  138  10:17  Ultralisk  
  144  10:21  Drone  
  144  10:22  Drone  
  144  10:23  Spore Crawler  
  144  10:27  Infestor  
  147  10:33  Ultralisk  
  153  10:36  Queen  
  153  10:38  Drone x2  
  157  10:46  Drone x2  
  157  10:47  Drone x3  
  157  10:48  Drone  
  163  10:56  Spire  
  161  11:10  Overlord  
  158  11:11  Ultralisk  
  158  11:12  Ultralisk  
  170  11:18  Extractor  
  170  11:20  Spine Crawler  
  170  11:21  Drone x4  
  170  11:22  Spine Crawler  
  170  11:23  Spine Crawler  
  170  11:33  Ultralisk  
  170  11:38  Zerg Ground Armor Level 3  
  176  11:40  Drone x5  
  176  11:42  Drone  
  176  11:43  Drone  
  176  11:44  Drone  
  184  11:47  Overseer  
  176  12:01  Queen  
  176  12:04  Overlord  
  176  12:07  Ultralisk  
  184  12:09  Greater Spire  
  184  12:12  Hatchery  
  183  12:16  Ultralisk  
  189  12:25  Overlord  
  189  12:31  Zergling x6  
  189  12:32  Zergling x14  
  199  12:42  Zerg Melee Weapons Level 3, Nydus Network  
  198  12:55  Overseer  
  180  13:22  Zerg Flyer Weapons Level 1  
  180  13:27  Burrow  
  180  13:30  Nydus Canal  
  180  13:38  Corruptor x6  
  180  13:39  Corruptor x2  
  196  13:48  Spine Crawler  
  183  14:16  Spine Crawler x2  
  171  14:22  Nydus Canal  
  172  14:24  Zergling x22  
  172  14:25  Zergling x6  
  185  14:55  Spore Crawler x2  
  185  14:58  Corruptor  
  185  14:59  Corruptor x5  
  195  15:06  Overlord, Hatchery  
  195  15:07  Overlord x2  
  194  15:09  Zerg Missile Weapons Level 2  
  194  15:16  Zerg Flyer Armor Level 1  
  194  15:22  Nydus Canal  
  194  15:26  Infestor x6  
  194  15:48  Nydus Canal  
  172  16:17  Brood Lord x9  
  171  16:32  Nydus Canal  
  171  16:34  Corruptor x7  
  185  16:50  Extractor  
  181  16:54  Extractor  
  170  17:27  Corruptor  
  170  17:28  Corruptor x8  
  182  17:33  Drone  
  182  17:34  Drone x2  
  185  17:37  Zergling x12  
  185  17:38  Zergling x16  
  199  17:53  Nydus Canal  
Show
View Real Time Build Order
Export as new Build Order

Miszu Terran 

Build Orders: MMM Bio 

Get SALT Encoding   

  12  0:00  SCV  
  13  0:12  SCV  
  14  0:20  Supply Depot  
  14  0:25  SCV  
  15  0:41  SCV  
  16  0:43  Barracks  
  16  0:44  Refinery  
  16  0:53  SCV  
  17  1:05  SCV  
  18  1:17  SCV  
  19  1:30  Orbital Command  
  19  1:35  Barracks Reactor  
  19  1:40  Command Center  
  19  1:50  Supply Depot  
  19  1:55  SCV  
  20  2:07  SCV  
  21  2:11  Reaper x2  
  23  2:19  SCV  
  24  2:25  Command Center  
  24  2:31  SCV  
  25  2:43  Barracks, SCV  
  26  2:46  Reaper x2  
  28  2:54  Orbital Command  
  28  2:56  SCV  
  29  3:01  Barracks  
  29  3:08  SCV  
  30  3:20  SCV x2  
  30  3:21  Refinery  
  30  3:24  Reaper x2  
  34  3:31  Barracks Tech Lab  
  34  3:32  SCV x2  
  36  3:37  Orbital Command  
  36  3:44  SCV x2  
  38  3:58  Barracks Tech Lab  
  38  3:59  SCV  
  38  4:00  Stimpack, SCV  
  38  4:02  SCV  
  41  4:04  Marine x2  
  41  4:05  Marine  
  44  4:10  Refinery x2  
  44  4:11  SCV  
  44  4:12  SCV  
  44  4:14  SCV  
  44  4:17  Marine  
  47  4:20  Factory  
  47  4:22  Marine x2  
  47  4:23  SCV  
  51  4:24  SCV  
  53  4:34  Marine  
  53  4:35  SCV  
  53  4:36  SCV, Orbital Command  
  53  4:38  Engineering Bay x2  
  55  4:40  Marine  
  55  4:41  Marine x2, Combat Shields  
  58  4:47  Supply Depot, SCV  
  58  4:48  SCV  
  58  4:50  Supply Depot  
  58  4:51  Marine  
  61  5:06  Terran Infantry Armor Level 1  
  61  5:09  Marine x2, SCV x3  
  61  5:10  Supply Depot  
  61  5:12  Supply Depot, Terran Infantry Weapons Level 1  
  61  5:14  Starport, Factory Reactor  
  65  5:21  SCV  
  65  5:22  Marine x2  
  65  5:27  Marine x2, SCV x2  
  72  5:32  Supply Depot  
  72  5:36  Supply Depot, SCV  
  72  5:39  SCV  
  72  5:40  Marine x2  
  72  5:42  SCV  
  77  5:43  Supply Depot  
  77  5:45  Marine  
  78  5:50  Barracks  
  78  5:52  Barracks  
  73  5:57  Marine  
  73  5:58  Marine x2  
  73  5:59  Medivac x2, Factory Tech Lab  
  73  6:00  SCV  
  73  6:01  SCV  
  73  6:02  SCV  
  83  6:07  Supply Depot  
  83  6:09  Marine  
  84  6:13  SCV x2  
  84  6:16  SCV  
  84  6:18  Supply Depot  
  87  6:21  Marine x2  
  87  6:22  Marine, Concussive Shells  
  87  6:25  SCV x2  
  91  6:26  Siege Tank  
  91  6:28  SCV  
  91  6:29  Armory  
  96  6:35  Factory  
  96  6:37  Marine, SCV  
  96  6:38  Marine, SCV  
  96  6:39  Marine  
  101  6:40  Barracks Reactor, Barracks Tech Lab, Marauder  
  101  6:42  Medivac x2  
  101  6:46  Refinery, SCV  
  108  6:47  Refinery  
  108  6:49  SCV  
  109  6:56  Supply Depot, Marine  
  109  6:57  Marauder  
  109  6:58  Supply Depot  
  112  7:01  Marine  
  112  7:02  Marauder x2  
  112  7:03  Siege Tank  
  120  7:14  Marine  
  113  7:18  Marauder  
  113  7:19  Marine  
  113  7:22  Marine x2  
  111  7:27  Marine  
  111  7:30  Marine  
  111  7:32  Marine, Factory Tech Lab  
  111  7:35  Siege Tank  
  111  7:37  Marine, Barracks x2  
  116  7:39  Marine  
  116  7:40  Marine x2, Barracks  
  116  7:43  Terran Infantry Armor Level 2, Terran Infantry Weapons Level 2  
  120  7:45  Marine  
  120  7:48  Marine, Medivac  
  124  7:56  Marine  
  124  7:58  Marauder  
  127  7:59  Marauder x2  
  127  8:00  Marine  
  127  8:01  Terran Vehicle Weapons Level 1  
  127  8:02  Missile Turret  
  127  8:03  SCV, Missile Turret  
  127  8:05  SCV x2  
  135  8:08  Supply Depot  
  135  8:10  Supply Depot  
  135  8:11  Supply Depot  
  135  8:14  Siege Tank  
  135  8:15  Siege Tank  
  135  8:19  Marauder  
  143  8:24  Marauder  
  145  8:27  Marauder  
  145  8:31  Marine  
  145  8:32  Marine x2  
  150  8:40  Marauder  
  144  8:43  Medivac x2  
  144  8:45  Marauder  
  144  8:46  Siege Tank  
  153  8:48  Marauder  
  153  8:49  Barracks Reactor  
  153  8:52  Marine x6  
  161  9:02  Marauder  
  159  9:06  Marauder  
  159  9:09  Marine x2  
  162  9:10  Marine  
  162  9:14  Marine  
  165  9:19  Command Center  
  165  9:23  Marine x3, Marauder  
  170  9:28  Marauder x2  
  169  9:32  Marine  
  169  9:33  Marine x4  
  168  9:40  Marine  
  168  9:41  Marine x2  
  168  9:44  Marauder  
  152  9:45  SCV  
  152  9:48  Marine  
  152  9:49  Marine  
  152  9:50  Marine  
  152  9:51  Marine x4  
  138  9:53  Liberator x2  
  138  9:58  Marine  
  138  9:59  Marine x2  
  141  10:05  Marine  
  141  10:06  Marine  
  137  10:07  Marauder  
  137  10:08  Marine x2  
  137  10:09  Marine x3  
  149  10:16  Marine  
  149  10:20  Starport  
  150  10:23  Refinery  
  150  10:25  Refinery  
  150  10:26  Marauder  
  152  10:34  Barracks Reactor, Barracks Tech Lab  
  158  10:35  Barracks Tech Lab  
  158  10:36  Liberator  
  158  10:38  Planetary Fortress  
  158  10:41  Marine, Marauder x2  
  157  10:44  Terran Infantry Weapons Level 3  
  157  10:45  Terran Infantry Armor Level 3  
  157  10:56  Marauder  
  162  10:59  Marauder  
  162  11:00  Marine, Liberator  
  162  11:01  Marine x2, Marauder  
  167  11:17  Marauder x2  
  174  11:19  Liberator  
  174  11:21  Marauder  
  176  11:27  Thor x2  
  176  11:28  Liberator x2  
  176  11:29  Barracks Tech Lab  
  188  11:33  Command Center  
  188  11:37  Supply Depot  
  191  11:40  SCV  
  191  11:43  Liberator  
  193  12:00  Terran Vehicle Weapons Level 2  
  180  12:01  Liberator  
  180  12:10  Thor  
  180  12:11  Supply Depot, Liberator  
  180  12:12  Sensor Tower  
  192  12:18  Thor  
  195  12:27  Marauder  
  150  14:26  Liberator  
  150  14:27  Liberator  
  150  14:30  Reaper  
  145  14:41  Thor  
  145  14:42  Thor  
  145  14:44  Marine  
  145  14:45  Marine, Marauder x2  
  171  14:46  Marauder x3  
  171  14:47  Planetary Fortress  
  171  14:50  SCV x2  
  179  14:58  Terran Vehicle Weapons Level 3  
  179  15:06  Marauder x2  
  177  15:08  Fusion Core  
  177  15:12  Starport Tech Lab  
  177  15:13  SCV  
  178  15:14  SCV  
  178  15:15  SCV x2  
  181  15:24  Cyclone  
  181  15:25  SCV  
  181  15:26  Medivac  
  181  15:27  Medivac, SCV x2  
  191  15:36  Refinery  
  190  15:55  Cyclone  
  190  15:56  Cyclone  
  196  16:01  Liberator x2  
  196  16:02  Liberator  
  143  16:20  Marine x2, Marauder x6  
  143  16:22  Marine  
  167  16:31  Command Center  
  167  16:34  Advanced Ballistics  
  167  16:39  Thor  
  167  16:40  Thor  
  167  16:41  Marauder  
  167  16:42  Marauder x4  
  167  16:44  Liberator x3  
  180  17:02  Marauder  
  183  17:12  SCV  
  183  17:13  SCV  
  185  17:16  Marine  
  185  17:17  Marine x2, Marauder  
  185  17:22  Marine, Marauder  
  183  17:30  Marine, Marauder  
  193  17:37  Thor  
Tags
 
Composition
MMM Bio
Matchup
TvZ
Player
Lambo
Add a new tag
Caveats
  • Supply blocks, unpowered buildings, or Contaminate may cause inaccurate times.
  • Supply counts are checked every 10 seconds.